 Dungeon Crawl Stone Soup version 0.29.1-12-g30fa7ad0bf (webtiles) character file.

Game seed: 11692758737102954603

279 growler the Poker (level 6, -5/43 HPs)
             Began as a Demonspawn Wanderer on Jan 17, 2023.
             Was an Initiate of Gozag.
             Slain by an ice beast (14 damage)
             ... on level 5 of the Dungeon on Jan 18, 2023.
             The game lasted 00:06:22 (4597 turns).

growler the Poker (Demonspawn Wanderer)             Turns: 4597, Time: 00:06:24

Health: -5/43      AC:  5    Str: 12    XL:     6   Next: 5%
Magic:  7/7        EV: 12    Int: 15    God:    Gozag
Gold:   669        SH:  4    Dex: 15    Spells: 7/7 levels left

rFire   . . .      SeeInvis .   y - +2 trident (vamp)
rCold   . . .      Faith    .   (no shield)
rNeg    . . .      Spirit   .   e - +0 robe
rPois   .          Reflect  .   q - +0 helmet
rElec   .          Harm     .   c - +0 cloak
rCorr   .          Rampage  .   (no gloves)
Will    .....                   j - +0 pair of boots
Stlth   +.........              (no amulet)
HPRegen 0.14/turn               (no ring)
MPRegen 0.20/turn               (no ring)

@: no status effects
A: magic regeneration, big brain 1, condensation shield
a: Renounce Religion, Potion Petition, Call Merchant, Bribe Branch


You were on level 5 of the Dungeon.
You worshipped Gozag.
Gozag was pleased with you.
You visited 1 branch of the dungeon, and saw 5 of its levels.

You collected 669 gold pieces.

Inventory:

Hand Weapons
 a - a +2 spear
 b - a +0 sling
 p - a +0 dagger
 y - a +2 vampiric trident (weapon)
Missiles
 r - a throwing net (quivered)
Armour
 c - a +0 cloak (worn)
 e - a +0 robe (worn)
 j - a +0 pair of boots (worn)
 q - a +0 helmet (worn)
Jewellery
 l - a ring of protection from fire
 z - a ring of fire
Wands
 o - a wand of polymorph (3)
 v - a wand of charming (9)
Scrolls
 k - 2 scrolls of identify {unknown}
 m - 2 scrolls of amnesia {unknown}
 s - 2 scrolls of teleportation {unknown}
 t - a scroll of immolation {unknown}
 u - a scroll of magic mapping {unknown}
 w - a scroll of torment {unknown}
 x - a scroll of blinking {unknown}
Potions
 f - 2 potions of mutation {unknown}
 g - a potion of might {unknown}
 h - 2 potions of attraction {unknown}
 i - a potion of degeneration {unknown}
 n - a potion of flight {unknown}


   Skills:
 - Level 1.0 Fighting
 + Level 6.2 Polearms
 - Level 1.0 Ranged Weapons
 - Level 1.7 Armour
 - Level 1.7 Dodging
 - Level 1.0 Spellcasting


You had 7 spell levels left.
You didn't know any spells.
Your spell library contained the following spells:

 Spells                   Type           Power      Damage    Failure   Level
 Inner Flame              Hex/Fire       0%         N/A       58%         3
 Cause Fear               Hex            0%         N/A       94%         4
 Discord                  Hex            0%         N/A       100%        8


Dungeon Overview and Level Annotations

Branches:
Dungeon (5/15)
 Temple: D:4-7

Altars:
Gozag
Hepliaklqana
Nemelex Xobeh
Trog
Vehumet

Annotations:
D:2 Sigmund


Innate Abilities, Weirdness & Mutations

You regenerate magic rapidly.
You have an unusually large brain. (Int +2)
A meltable shield of frost defends you. (SH +4)


Message History

You reach to attack!
You hit the ogre.
The ogre is moderately wounded.
You hit the ogre.
The ogre is moderately wounded.
The ogre barely misses you.
You hit the ogre.
The ogre is heavily wounded.
The ogre closely misses you. The ice beast attacks as you move away!
The ice beast barely misses you. The ice beast attacks as you move away!
The ice beast hits you. The ice beast freezes you!
The ice beast attacks as you move away! The ice beast hits you.
The ice beast freezes you. The ice beast attacks as you move away!
The ice beast closely misses you. The ice beast attacks as you move away!
The ice beast hits you but does no damage.
The ice beast attacks as you move away! The ice beast hits you.
The ice beast freezes you!
* * * LOW HITPOINT WARNING * * *
You feel better. The ice beast barely misses you.
You hit the ice beast.
The ice beast is lightly wounded.
The ice beast hits you. The ice beast freezes you!
* * * LOW HITPOINT WARNING * * *
You puncture the ice beast!
You feel better.
Your punch misses the ice beast.
The ice beast is moderately wounded.
The ice beast hits you but does no damage.
You barely miss the ice beast.
The ice beast is moderately wounded.
The ice beast closely misses you.
You hit the ice beast but do no damage.
The ice beast is moderately wounded.
The ice beast hits you but does no damage.
You barely miss the ice beast.
The ice beast is moderately wounded.
The ice beast hits you.
* * * LOW HITPOINT WARNING * * *
The ice beast freezes you!
You die...
Your body crumbles into a pile of gold.

#.# .. .#
##.# #.$#
###. ###
#..#.....##<#
#.....# #..#
#.#########.#
#.....OY@...#
###.#########
#.# #.. ####


You could see an ice beast and an ogre.

Vanquished Creatures
  A scorpion (D:4)
  Jessica (D:2)
  An orc wizard (D:4)
  Robin (D:2)
  4 adders
  An ufetubus (D:3)
  A worm (D:2)
  3 dart slugs
  11 orcs
  10 ball pythons
  4 endoplasms (D:1)
  4 giant cockroaches
  10 goblins
  7 hobgoblins
  8 jackals (D:4)
  4 quokkas
  4 bats
  A frilled lizard (D:2)
  10 kobolds
  4 rats
90 creatures vanquished.

Notes
Turn   | Place    | Note
-------+----------+-------------------------------------------
     0 | D:1      | growler the Demonspawn Wanderer began the quest for the
                  | Orb.
     0 | D:1      | growler set off with the following items: a +2 spear, a +0
                  | sling, a +0 cloak, a potion of curing, a +0 robe.
     0 | D:1      | Reached XP level 1. HP: 15/15 MP: 2/2
   117 | D:1      | Reached skill level 3 in Polearms
   143 | D:1      | Gained mutation: A meltable shield of frost defends you.
                  | (SH +4) [demonic ancestry]
   143 | D:1      | Reached XP level 2. HP: 21/21 MP: 3/3
   324 | D:1      | Found a faded altar of an unknown god.
   351 | D:1      | Prayed at the altar of an unknown god.
   351 | D:1      | Became a worshipper of Gozag Ym Sagoz the Greedy
   653 | D:1      | Gained mutation: You have an unusually large brain. (Int
                  | +2) [demonic ancestry]
   653 | D:1      | Reached XP level 3. HP: 26/26 MP: 4/4
   818 | D:2      | Reached skill level 4 in Polearms
  1243 | D:2      | Noticed Robin
  1263 | D:2      | Killed Robin
  1272 | D:2      | Reached XP level 4. HP: 25/32 MP: 5/5
  1879 | D:2      | Noticed Jessica
  1884 | D:2      | Killed Jessica
  2043 | D:2      | Noticed Sigmund
  2197 | D:3      | Reached skill level 5 in Polearms
  2343 | D:3      | Found a radiant altar of Vehumet.
  2508 | D:3      | Found a sparkling altar of Nemelex Xobeh.
  2668 | D:3      | Reached XP level 5. HP: 32/37 MP: 6/6
  3002 | D:3      | Found a hazy altar of Hepliaklqana.
  3136 | D:3      | Found a bloodstained altar of Trog.
  4210 | D:4      | Reached skill level 6 in Polearms
  4210 | D:4      | Gained mutation: You regenerate magic rapidly. [demonic
                  | ancestry]
  4210 | D:4      | Reached XP level 6. HP: 36/43 MP: 7/7
  4563 | D:5      | Entered Level 5 of the Dungeon
  4577 | D:5      | Noticed an ice beast
  4597 | D:5      | Slain by an ice beast

Illustrated notes

Levels and vault maps discovered:
D:1:      heliophobic_arrival_ceremonial_halls, layout_loops_ring,
          hellmonk_ecumenical_altar_run_dry, chequers_serial_rivers_micro_c,
          kennysheep_crisscross, amethyst_killhole, solitary_fountain
D:2:      layout_loops_corners, uniq_robin, uniq_sigmund, uniq_jessica
D:3:      layout_loops_corners, elyvilon_altar_5, trog_butcher_becter,
          nicolae_hepliaklqana_hippocampus, mainiacjoe_overflow_tiny_flanked,
          lemuel_coloured_pillars_altar, amcnicky_mini_pool_small
D:4:      layout_loops_ring
D:5:      minmay_evil_eye, layout_basic

Skill      XL: |  1  2  3  4  5 |
---------------+----------------+-----
Polearms       | 3 4 5 6 |  6.2
Fighting       | |  1.0
Ranged Weapons | |  1.0
Armour         | |  1.7
Dodging        | |  1.7
Spellcasting   | |  1.0

Action                   |  1- 3 |  4- 6 || total
-------------------------+-------+-------++-------
Melee: Spear             |   122 |   184 ||   306
       Punch             |       |     2 ||     2
       Trident           |       |    35 ||    35
  Use: Potion            |       |     1 ||     1
 Stab: Sleeping          |     5 |     5 ||    10
Armor: Robe              |    11 |    31 ||    42
Dodge: Dodged            |    37 |    71 ||   108
Block: Other             |     8 |    25 ||    33
